Map: Cryptic Fortress

Players

dorafujimoto

  • Race: Terran Terran
  • Spawn Location: 6:00

juhyg

  • Race: Zerg Zerg
  • League: Bronze
  • Spawn Location: 5:00

Eschteban

  • Race: Terran Terran
  • Spawn Location: 7:00

ImCaitJenner

  • Race: Terran Terran
  • Spawn Location: 6:00

Metasyn

  • Race: Zerg Zerg
  • Spawn Location: 12:00

Proto

  • Race: Protoss Protoss
  • League: Bronze
  • Spawn Location: 3:00

Artanis

  • Race: Terran Terran
  • Spawn Location: 9:00

Cloudsp

  • Race: Protoss Protoss
  • Spawn Location: 12:00

VOD

Have the link to the VOD?

Description

Time

  • Played on: Feb. 7, 2016, 4:10 p.m.
  • Length: 16:50
Show
View Real Time Build Order
Export as new Build Order

dorafujimoto Terran 

Build Orders: Bio Mine 

Get SALT Encoding   

  12  0:01  SCV  
  13  0:13  SCV  
  14  0:23  Supply Depot  
  14  0:25  SCV  
  15  0:31  Refinery  
  15  0:47  Barracks  
  15  0:49  SCV  
  16  0:54  Refinery  
  16  1:01  SCV  
  17  1:13  SCV  
  18  1:25  SCV  
  19  1:36  Barracks Tech Lab  
  19  1:41  Orbital Command  
  19  1:44  Factory  
  19  1:57  Stimpack  
  19  1:58  Marine  
  20  2:07  Supply Depot  
  20  2:09  SCV  
  21  2:16  Marine  
  22  2:28  Factory Tech Lab  
  22  2:32  Starport  
  22  2:36  Marine  
  23  2:50  Siege Tank  
  26  2:54  Marine  
  27  2:59  SCV  
  28  3:08  Starport Reactor  
  28  3:14  Marine  
  29  3:21  Widow Mine  
  31  3:27  SCV  
  32  3:35  Marine  
  33  3:44  Medivac  
  33  3:45  Medivac  
  37  3:52  Widow Mine  
  39  3:56  Marine  
  39  3:58  Combat Shields  
  40  4:14  Marine  
  41  4:48  SCV  
  42  4:53  Engineering Bay  
  42  4:54  Command Center  
  25  6:08  Missile Turret  
  23  6:12  Missile Turret, Marine  
  23  6:14  Viking x2  
  23  6:15  Widow Mine  
  30  6:19  Orbital Command  
  30  6:25  Refinery  
  30  6:26  SCV  
  30  6:30  Marine  
  32  6:38  SCV, Barracks  
  33  6:43  Widow Mine, Barracks  
  35  6:50  SCV  
  36  6:56  Armory  
  36  7:07  Marine  
  37  7:08  Medivac  
  37  7:09  Medivac  
  41  7:25  Widow Mine, Marine  
  41  7:29  Barracks Reactor  
  44  7:31  Barracks Reactor  
  44  7:40  SCV  
  45  7:46  Refinery  
  45  8:16  SCV  
  46  8:21  Marine  
  46  8:22  Marine x3  
  46  8:26  Marauder  
  52  8:27  Widow Mine  
  52  8:28  SCV  
  52  8:29  Drilling Claws  
  55  8:40  SCV  
  56  8:47  Marauder  
  58  8:52  SCV  
  59  8:56  Widow Mine  
  59  8:59  Supply Depot  
  59  9:02  Terran Vehicle And Ship Armor Level 1  
  61  9:04  SCV  
  62  9:21  Supply Depot, SCV  
  63  9:33  SCV  
  64  9:44  Supply Depot  
  64  9:45  Widow Mine  
  66  10:07  Supply Depot  
  66  10:14  Widow Mine  
  68  10:23  Medivac x2  
  72  10:33  Marine x3  
  72  10:34  Marine x2  
  77  10:43  Widow Mine  
  79  10:51  Marine  
  79  10:53  Medivac x2  
  62  11:11  Widow Mine  
  52  11:23  Medivac x2  
  56  11:40  Thor  
  52  12:20  Concussive Shells  
  50  12:22  Widow Mine  
  50  12:23  Marine x3  
  50  12:24  Marine x2  
  57  12:34  Supply Depot  
  57  12:38  Terran Infantry Weapons Level 1  
  57  12:41  Marine x4  
  57  12:42  Marauder  
  63  12:51  Widow Mine  
  63  12:57  Supply Depot  
  65  12:59  Marine x4  
  65  13:04  Marauder  
  71  13:17  Marine x3  
  74  13:23  Supply Depot  
  74  13:25  Marauder  
  74  13:38  Marine  
  74  13:39  Marine x3  
  78  13:45  Supply Depot  
  78  13:46  Marauder  
  80  13:56  Marine  
  80  13:57  Marine x3  
  82  14:07  Marine  
  76  14:14  Marine x4  
  80  14:19  Thor  
  80  14:23  Medivac x2  
  90  14:25  Marine  
  91  14:32  Marine x4  
  95  14:43  Marine  
  96  14:53  Medivac, Viking  
  100  15:01  Thor  
  106  15:17  Marine x5  
  111  15:23  Viking x2  
  115  15:34  Marine  
  115  15:35  Marine x2  
  109  15:44  Thor  
  110  15:53  Viking x2  
Show
View Real Time Build Order
Export as new Build Order

juhyg Zerg 

Build Orders: Hatch First 

Get SALT Encoding   

  12  0:33  Hatchery  
  11  0:42  Drone x3  
  14  1:03  Spawning Pool  
  13  1:11  Drone  
  13  1:13  Overlord  
  14  1:36  Extractor  
  14  1:37  Drone  
  14  1:38  Drone x2  
  16  1:49  Drone x2  
  16  1:52  Queen  
  20  2:06  Drone  
  20  2:07  Drone  
  20  2:08  Drone  
  23  2:13  Drone  
  24  2:19  Drone  
  24  2:21  Drone  
  26  2:34  Queen  
  26  2:36  Overlord  
  26  2:37  Overlord  
  28  3:01  Hatchery  
  27  3:09  Drone x2  
  27  3:10  Drone x6  
  35  3:17  Metabolic Boost  
  35  3:29  Extractor  
  35  3:32  Extractor  
  35  3:33  Drone  
  35  3:34  Drone x3  
  36  3:38  Lair  
  37  3:41  Drone  
  37  3:43  Drone  
  37  3:44  Drone  
  37  3:45  Drone x2  
  42  3:58  Drone x2  
  42  4:00  Overlord x3  
  44  4:24  Drone x4  
  44  4:25  Drone x5  
  53  4:32  Drone x3  
  56  4:40  Hatchery  
  55  4:49  Extractor  
  54  4:53  Extractor  
  53  5:03  Hydralisk Den  
  53  5:06  Spire  
  51  5:11  Drone x3  
  51  5:12  Drone x6  
  51  5:13  Drone x5, Infestation Pit  
  64  5:19  Queen  
  66  5:34  Extractor  
  66  5:35  Muscular Augments  
  65  5:41  Zergling x6, Overlord  
  65  5:42  Overlord x3  
  68  5:58  Hive  
  68  6:28  Mutalisk x5  
  68  6:29  Mutalisk x5  
  68  6:30  Mutalisk  
  68  6:31  Zergling x10  
  95  6:44  Zerg Flyer Weapons Level 1  
  95  6:57  Evolution Chamber  
  94  7:02  Overlord x5  
  94  7:03  Overlord x2  
  94  7:05  Overseer x4  
  94  7:06  Overseer x2  
  94  7:09  Zergling x8  
  94  7:10  Zergling x12  
  104  7:16  Adrenal Glands  
  104  7:23  Zerg Melee Weapons Level 1  
  104  7:32  Zergling x12  
  104  7:33  Zergling x4  
  112  7:50  Zergling x10  
  112  7:51  Zergling x12  
  121  7:57  Zergling x6  
  126  8:02  Zergling x4  
  128  8:10  Lurker Den  
  128  8:13  Zergling x6  
  128  8:14  Zergling x6  
  128  8:15  Mutalisk x4  
  142  8:26  Mutalisk  
  142  8:27  Mutalisk  
  142  8:28  Zergling x8  
  142  8:29  Zergling x8  
  154  8:38  Zerg Flyer Armor Level 1  
  154  8:39  Zergling x6  
  157  9:06  Mutalisk  
  157  9:08  Overlord x2  
  157  9:09  Overlord x6  
  159  9:10  Overlord x7  
  159  9:11  Overlord x2  
  159  9:17  Zerg Missile Weapons Level 1  
  159  9:55  Mutalisk x2  
  159  9:56  Mutalisk x6  
  159  9:57  Mutalisk x4  
  181  10:06  Zergling x6  
  181  10:07  Zergling x4  
  186  10:32  Mutalisk x6  
  180  10:51  Zergling x6, Mutalisk  
  180  10:52  Zergling x8  
  180  10:53  Zergling x14  
  180  10:54  Zergling x2  
  127  11:12  Zerg Ground Armor Level 1  
  121  11:22  Corruptor x4  
  121  11:23  Corruptor x3  
  121  11:25  Zergling x2  
  97  12:43  Hydralisk  
  97  12:44  Hydralisk x7  
  81  12:45  Hydralisk x6  
  81  12:46  Hydralisk x6  
  81  12:47  Hydralisk  
  94  13:05  Hydralisk x5, Zerg Melee Weapons Level 2  
  91  13:06  Hydralisk  
  74  13:20  Hydralisk x2  
  74  13:21  Hydralisk x5  
  77  13:53  Mutalisk x2  
  77  13:54  Mutalisk x5  
  77  13:55  Mutalisk  
  91  13:56  Zergling x2  
  91  13:57  Zergling x6  
  61  14:36  Hydralisk x5  
  61  14:37  Hydralisk x3  
  57  15:09  Hydralisk x2  
  57  15:10  Hydralisk x2  
  49  15:32  Zergling x10  
  49  15:33  Zergling x2  
Show
View Real Time Build Order
Export as new Build Order

Eschteban Terran 

Build Orders:  

Get SALT Encoding   

  12  0:02  SCV  
  13  0:14  SCV  
  14  0:22  Supply Depot  
  14  0:26  SCV  
  15  0:32  Refinery  
  15  0:44  SCV  
  16  0:56  Supply Depot, SCV  
  17  1:04  Barracks  
  17  1:08  SCV  
  18  1:19  Engineering Bay  
  18  1:23  Refinery  
  18  1:25  SCV  
  19  1:52  Orbital Command  
  19  2:07  Command Center  
  19  2:19  Marine  
  20  2:28  SCV  
  21  2:37  Marine  
  21  2:40  SCV  
  23  2:52  SCV  
  23  2:55  Missile Turret  
  23  2:57  Missile Turret  
  24  3:04  SCV  
  25  3:12  Factory  
  25  3:17  SCV  
  26  3:20  Supply Depot  
  26  3:28  Orbital Command  
  26  3:32  Refinery, SCV  
  27  3:45  SCV  
  28  3:56  Barracks Reactor  
  28  3:57  SCV  
  28  4:00  Starport  
  28  4:02  Starport  
  29  4:09  SCV  
  30  4:13  Supply Depot  
  30  4:17  SCV  
  30  4:21  Factory Reactor, SCV  
  32  4:29  SCV  
  33  4:40  Starport  
  33  4:44  Starport Reactor x2  
  33  5:12  Liberator x3  
  33  5:27  Starport Tech Lab  
  33  5:35  Marine x2  
  42  5:41  Widow Mine x2  
  48  5:53  Marine x2  
  48  5:55  Viking  
  52  6:11  Marine x2  
  52  6:14  Refinery  
  54  6:25  Viking  
  56  6:29  Marine x2  
  58  6:43  Medivac x2  
  61  7:27  Missile Turret  
  61  7:30  Missile Turret  
  61  7:31  Missile Turret  
  61  7:33  Missile Turret x2  
  61  7:34  Missile Turret  
  61  7:37  Missile Turret x2, Widow Mine x2  
  53  8:05  Viking x2, Widow Mine  
  53  8:06  Viking x2, Widow Mine  
  56  8:25  SCV  
  57  8:34  Widow Mine x2, Missile Turret  
  57  8:35  Viking x2, Missile Turret  
  57  8:36  Viking x2  
  57  8:38  SCV  
  70  8:49  SCV  
  70  8:50  SCV  
  70  8:54  Missile Turret  
  72  9:01  SCV  
  72  9:02  Widow Mine, SCV  
  74  9:03  Widow Mine  
  78  9:41  Missile Turret  
  78  9:43  Missile Turret  
  78  9:44  Missile Turret  
  78  9:53  Supply Depot  
  78  9:54  Supply Depot  
  78  9:56  Supply Depot  
  78  10:01  Viking, SCV x2  
  78  10:02  Command Center  
  78  10:07  Missile Turret  
  82  10:13  SCV x2  
  84  10:25  SCV  
  66  11:41  Viking x4  
  66  11:45  Widow Mine x2  
  78  12:11  Viking x4, Command Center  
  78  12:13  Refinery x2  
  78  12:14  Widow Mine x2  
  90  12:33  Orbital Command  
  90  12:37  Supply Depot, SCV x2  
  90  12:39  Supply Depot  
  90  12:40  Viking  
  90  12:41  Viking x3  
  90  12:42  Widow Mine  
  90  12:43  Widow Mine  
  104  12:44  Refinery  
  104  12:48  Refinery  
  104  12:49  SCV x2  
  106  13:01  SCV x2  
  106  13:02  Supply Depot  
  106  13:03  Supply Depot  
  108  13:10  Viking  
  108  13:11  Viking x3, Widow Mine x2  
  116  13:13  SCV x2  
  118  13:25  SCV  
  61  15:01  Viking x3  
  61  15:02  Viking  
  73  15:07  Hellion x2  
  73  15:24  Starport x2  
  77  15:28  Hellion x2  
  77  15:29  Planetary Fortress  
  77  15:31  Viking x3  
  77  15:32  Viking  
  85  15:50  Hellion x2  
  85  16:01  Viking x3  
  85  16:02  Viking  
  93  16:11  Hellion x2  
Show
View Real Time Build Order
Export as new Build Order

ImCaitJenner Terran 

Build Orders:  

Get SALT Encoding   

  12  0:02  SCV  
  13  0:14  SCV  
  13  0:20  Supply Depot  
  14  0:26  SCV  
  15  0:42  SCV  
  16  0:46  Barracks  
  16  0:54  SCV  
  17  0:57  Barracks  
  17  1:08  Supply Depot  
  17  1:09  SCV  
  18  1:33  Supply Depot, Marine  
  19  1:44  Orbital Command, Refinery  
  19  1:50  Marine  
  20  1:54  Marine  
  21  2:10  SCV  
  22  2:18  Marine  
  22  2:19  Marine  
  24  2:24  Command Center  
  24  2:30  SCV  
  24  2:36  Marine  
  26  2:37  Marine  
  27  2:46  Supply Depot  
  27  2:51  Factory  
  27  2:55  SCV  
  27  2:58  Refinery  
  28  3:07  SCV  
  29  3:13  Marine x2  
  29  3:19  SCV  
  32  3:22  Barracks  
  32  3:31  SCV  
  33  3:36  Engineering Bay  
  33  3:43  Starport  
  33  3:44  SCV  
  33  3:47  Factory Reactor  
  34  3:59  Orbital Command  
  34  4:07  SCV  
  35  4:12  Barracks Tech Lab, Marine  
  36  4:20  SCV  
  37  4:32  SCV  
  37  4:34  Stimpack  
  37  4:36  Medivac x2  
  42  4:43  SCV  
  42  4:44  Engineering Bay, SCV  
  44  4:54  Missile Turret  
  44  4:55  Missile Turret, SCV  
  44  4:56  Liberator, SCV  
  44  4:59  Marine  
  46  5:00  Marine  
  51  5:23  SCV  
  51  5:24  Liberator  
  52  5:30  Supply Depot x2  
  52  5:32  Refinery  
  52  5:35  SCV  
  52  5:38  Refinery  
  56  5:53  SCV  
  57  6:05  SCV  
  58  6:26  Marine x3  
  58  6:31  Liberator x2  
  61  6:44  Marine x3  
  60  7:01  Marine  
  61  7:10  Factory Reactor  
  61  7:16  SCV  
  61  7:17  Armory  
  61  7:18  Starport, Armory  
  61  7:21  Starport, Supply Depot x2  
  62  7:23  Supply Depot  
  62  7:24  Supply Depot  
  62  7:26  Liberator x2  
  62  7:28  SCV  
  57  7:40  SCV  
  64  7:48  Marine x3  
  67  7:53  SCV  
  62  8:05  SCV  
  63  8:06  Marine x3  
  66  8:14  Starport Reactor  
  66  8:19  Supply Depot  
  66  8:22  Supply Depot  
  66  8:23  Marine  
  66  8:24  Marine  
  66  8:25  Viking x2  
  72  8:30  Viking x2  
  76  8:36  Terran Ship Weapons Level 1  
  76  8:40  Terran Vehicle And Ship Armor Level 1  
  76  8:44  SCV  
  76  8:45  Supply Depot  
  76  8:46  SCV  
  78  8:50  Supply Depot  
  78  8:55  Command Center  
  78  8:58  Viking x2  
  78  9:01  Viking x2  
  86  9:03  Viking  
  88  9:21  Viking  
  90  9:28  Viking x2  
  94  9:36  Starport  
  94  9:40  Factory Reactor  
  94  9:41  Viking x2  
  98  10:09  Viking x3  
  98  10:10  Viking  
  98  10:11  Marine x3  
  109  10:29  Marine  
  109  10:34  Terran Ship Weapons Level 2  
  110  10:40  Terran Vehicle And Ship Armor Level 2  
  59  11:34  Viking x5  
  59  11:35  Viking  
  59  11:38  Orbital Command  
  65  11:40  Marine x3  
  68  11:57  Marine  
  68  11:58  Marine x2  
  71  12:04  Viking x2  
  75  12:09  Orbital Command  
  75  12:15  Marine x2  
  75  12:19  Marine  
  78  12:33  Refinery, Marine x2  
  78  12:35  Supply Depot  
  78  12:37  Supply Depot, Marine  
  80  12:39  Refinery  
  81  12:45  Supply Depot  
  81  12:51  Marine  
  81  12:53  Medivac x4  
  81  12:54  Marine  
  81  12:55  Barracks  
  83  12:58  Barracks  
  74  13:09  Marine  
  74  13:12  Marine  
  75  13:24  Barracks  
  74  13:27  Marine  
  74  13:28  SCV  
  74  13:30  Marine  
  77  13:40  SCV  
  78  13:42  Marine  
  78  13:44  Combat Shields, Marine  
  78  13:48  Marine  
  81  13:52  SCV  
  81  13:55  Viking x5  
  91  14:02  Marine  
  94  14:04  SCV  
  94  14:06  Marine  
  94  14:07  Barracks Reactor  
  94  14:08  Barracks Reactor  
  94  14:09  Terran Infantry Weapons Level 1  
  95  14:12  Barracks Reactor  
  94  14:20  Marine  
  94  14:23  Marine  
  76  14:54  Viking  
  76  14:55  Viking x3  
  84  15:07  Command Center  
  56  15:51  Marine x7  
  56  15:52  Marine  
  56  15:54  Medivac x3  
  70  16:08  Marine  
Show
View Real Time Build Order
Export as new Build Order

Metasyn Zerg 

Build Orders: Hatch First 

Get SALT Encoding   

  12  0:05  Drone  
  13  0:35  Drone  
  14  0:40  Hatchery  
  13  0:46  Overlord  
  13  0:51  Drone  
  14  1:06  Drone x2  
  16  1:15  Spawning Pool  
  16  1:16  Drone  
  16  1:27  Drone  
  17  1:47  Hatchery  
  16  1:54  Drone x3  
  16  1:56  Drone  
  20  2:01  Extractor  
  20  2:02  Extractor  
  18  2:20  Queen x2  
  22  2:30  Drone  
  22  2:31  Drone x2  
  22  2:32  Drone  
  22  2:37  Drone  
  27  2:46  Overlord  
  27  3:00  Lair  
  27  3:05  Drone x3  
  30  3:09  Drone  
  30  3:11  Drone  
  32  3:15  Drone  
  32  3:18  Drone  
  34  3:25  Drone  
  34  3:26  Drone x2  
  37  3:36  Overlord  
  37  3:43  Drone  
  37  3:44  Drone x4  
  42  3:49  Extractor  
  42  3:52  Extractor  
  42  3:54  Extractor  
  42  3:55  Drone x3  
  42  3:56  Extractor  
  42  3:57  Drone  
  42  3:58  Drone  
  42  4:00  Drone  
  44  4:10  Spire  
  44  4:14  Drone x2  
  44  4:15  Drone  
  46  4:21  Drone x3  
  49  4:24  Overlord  
  49  4:29  Drone  
  50  4:42  Queen  
  52  4:49  Infestation Pit  
  52  4:50  Drone x2  
  52  4:51  Drone x2  
  55  4:54  Drone x2  
  55  4:55  Drone  
  55  4:59  Overlord  
  58  5:00  Overlord  
  58  5:01  Overlord  
  58  5:26  Mutalisk  
  58  5:27  Mutalisk x6  
  58  5:28  Mutalisk  
  69  6:09  Mutalisk x2  
  69  6:10  Mutalisk x4  
  81  6:12  Drone  
  81  6:13  Overlord x2  
  82  6:25  Hive  
  82  6:27  Zerg Flyer Weapons Level 1  
  82  6:42  Mutalisk  
  82  6:43  Mutalisk x4  
  60  8:17  Mutalisk x6  
  60  8:18  Mutalisk x3  
  78  8:26  Greater Spire  
  78  9:04  Corruptor x7  
  78  9:05  Corruptor x3  
  78  9:07  Overlord x2  
  98  9:10  Hatchery  
  97  9:49  Overlord x2  
  97  9:50  Overlord x3  
  97  10:01  Drone  
  97  10:02  Drone  
  97  10:56  Corruptor  
  97  10:57  Corruptor x2  
  89  10:58  Corruptor x2  
  89  10:59  Corruptor x2  
  89  11:00  Corruptor x3  
  81  12:00  Extractor  
  80  12:02  Hatchery  
  77  12:37  Zerg Flyer Weapons Level 2  
  77  12:42  Corruptor x3  
  77  12:43  Corruptor x6  
  95  12:49  Brood Lord  
  95  12:50  Brood Lord x10  
  117  12:52  Brood Lord  
  119  13:01  Brood Lord  
  121  13:17  Overlord  
  121  13:18  Overlord x9  
  121  13:27  Extractor  
  120  13:49  Corruptor x6  
  120  13:50  Corruptor x2  
  132  14:40  Corruptor x4  
  132  14:41  Corruptor x5  
  142  14:53  Zerg Flyer Armor Level 1  
  78  16:14  Mutalisk x4  
  78  16:15  Mutalisk x8  
Show
View Real Time Build Order
Export as new Build Order

Proto Protoss 

Build Orders:  

Get SALT Encoding   

  12  0:03  Probe (Chrono Boost)  
  13  0:14  Probe (Chrono Boost)  
  14  0:24  Pylon, Probe (Chrono Boost)  
  16  0:43  Probe (Chrono Boost)  
  16  0:49  Pylon  
  16  0:53  Probe (Chrono Boost)  
  17  1:03  Gateway  
  17  1:04  Probe (Chrono Boost)  
  18  1:10  Pylon  
  18  1:12  Assimilator  
  18  1:14  Probe (Chrono Boost)  
  19  1:25  Probe (Chrono Boost)  
  20  1:35  Probe (Chrono Boost)  
  21  1:42  Gateway  
  21  1:45  Assimilator  
  21  1:46  Probe (Chrono Boost)  
  22  1:53  Cybernetics Core  
  22  1:56  Probe (Chrono Boost)  
  23  2:07  Probe (Chrono Boost)  
  24  2:17  Probe (Chrono Boost)  
  25  2:28  Probe (Chrono Boost)  
  25  2:29  Nexus  
  26  2:33  Warp Gate (Chrono Boost)  
  26  2:39  Probe  
  26  2:43  Zealot x2  
  31  2:54  Forge  
  31  3:02  Twilight Council  
  31  3:04  Probe  
  32  3:16  Probe  
  33  3:28  Probe  
  34  3:40  Probe  
  35  3:42  Probe  
  35  3:48  Charge  
  36  3:52  Probe x2  
  38  3:58  Protoss Ground Weapons Level 1 (Chrono Boost)  
  38  4:03  Assimilator, Probe  
  38  4:04  Probe  
  40  4:11  Assimilator  
  40  4:13  Probe  
  40  4:17  Probe  
  42  4:24  Probe, Gateway x2  
  43  4:34  Probe  
  44  4:46  Probe  
  45  4:55  Mothership Core  
  45  4:57  Adept x2  
  45  4:58  Probe  
  52  5:10  Probe  
  53  5:26  Pylon  
  53  5:38  Probe  
  54  5:44  Pylon  
  54  5:46  Protoss Ground Armor Level 1 (Chrono Boost)  
  54  5:47  Stalker x2  
  58  6:14  Mothership Core  
  58  6:31  Photon Cannon  
  50  6:33  Photon Cannon  
  50  6:34  Blink  
  50  6:39  Photon Cannon x2  
  49  6:43  Probe  
  50  6:55  Probe  
  51  7:07  Probe  
  52  7:15  Pylon  
  52  7:19  Probe  
  52  7:20  Photon Cannon  
  53  7:25  Photon Cannon  
  53  7:26  Protoss Shields Level 1 (Chrono Boost)  
  53  7:29  Zealot x4  
  61  7:31  Probe  
  62  7:42  Robotics Facility  
  62  7:43  Robotics Facility, Probe  
  63  7:46  Robotics Facility  
  63  7:49  Pylon  
  63  7:53  Pylon  
  63  7:54  Gateway  
  63  7:56  Gateway x2, Probe  
  64  8:08  Probe  
  65  8:22  Gateway, Resonating Glaives  
  65  8:27  Stalker  
  65  8:28  Stalker  
  65  8:29  Stalker x2  
  85  8:43  Warp Prism  
  85  8:45  Observer, Immortal  
  80  9:04  Zealot x3  
  80  9:05  Protoss Ground Weapons Level 2 (Chrono Boost)  
  86  9:13  Pylon  
  86  9:24  Pylon  
  86  9:27  Pylon  
  86  9:30  Pylon  
  86  9:33  Pylon  
  86  10:09  Adept x5  
  86  10:10  Adept  
  84  10:28  Immortal x3  
  92  11:03  Protoss Ground Armor Level 2 (Chrono Boost)  
  90  11:59  Immortal x3  
  102  12:01  Stalker x2  
  102  12:02  Stalker x6  
  118  12:37  Pylon  
  112  13:01  Protoss Shields Level 2 (Chrono Boost)  
  86  13:22  Zealot x5  
  86  13:23  Zealot x3  
  72  13:49  Immortal x2  
  72  13:50  Immortal  
  72  13:51  Zealot x5  
  72  13:52  Zealot x3  
  100  14:34  Assimilator, Nexus  
  100  14:37  Assimilator  
  100  14:52  Stalker x4  
  106  14:53  Stalker  
  110  15:06  Pylon  
  110  15:09  Pylon  
  110  15:12  Pylon  
  110  15:16  Pylon  
  110  15:21  Pylon  
  110  15:44  Zealot  
  110  15:45  Zealot x6  
Show
View Real Time Build Order
Export as new Build Order

Artanis Terran 

Build Orders: MMM Bio 

Get SALT Encoding   

  12  0:02  SCV  
  13  0:14  SCV  
  14  0:26  SCV  
  15  0:43  Supply Depot  
  15  1:03  Supply Depot  
  15  1:08  Barracks  
  15  1:15  Refinery  
  15  1:24  SCV  
  16  1:29  Refinery  
  16  1:37  SCV  
  17  1:40  Supply Depot  
  17  1:55  Engineering Bay  
  18  2:19  Barracks  
  18  2:22  Barracks  
  18  2:26  Barracks Tech Lab  
  18  2:28  SCV  
  18  2:32  Terran Infantry Weapons Level 1  
  18  2:40  SCV  
  19  2:44  Marine  
  19  2:46  Stimpack  
  20  2:53  Orbital Command  
  20  3:02  Marine  
  21  3:10  Barracks Reactor  
  21  3:13  Barracks Reactor  
  21  3:20  Marine  
  22  3:27  Command Center  
  22  3:37  Marine  
  23  3:49  Marine x3  
  23  3:50  Marine  
  23  3:55  Marine  
  28  4:07  Marine x3  
  28  4:08  Marine  
  32  4:13  Marine  
  33  4:20  Factory  
  33  4:31  Supply Depot  
  33  4:32  Marine  
  33  4:33  Marine  
  35  4:40  Supply Depot, Terran Infantry Armor Level 1  
  35  4:47  Combat Shields  
  35  4:51  SCV  
  36  5:03  SCV  
  28  5:15  SCV  
  29  5:28  Marine x4  
  30  5:29  Marine  
  30  5:31  Widow Mine  
  36  5:46  Marine x4  
  40  5:54  Orbital Command  
  40  5:58  Marine  
  40  5:59  Widow Mine  
  40  6:04  Marine x4  
  47  6:16  Marine  
  48  6:24  SCV  
  49  6:36  SCV  
  50  7:28  Refinery  
  50  7:31  Refinery  
  50  7:33  Marine x5  
  55  7:42  Starport  
  55  7:51  Marine x5  
  60  8:08  Marine  
  60  8:09  Widow Mine, Marine x4  
  67  8:16  Armory  
  67  8:26  Marine x3  
  69  8:27  Engineering Bay  
  70  8:35  Supply Depot  
  70  8:40  Supply Depot  
  70  8:44  Supply Depot  
  70  8:56  Widow Mine, Marine x5  
  70  8:57  Starport Reactor  
  70  9:00  Supply Depot  
  70  9:02  SCV  
  78  9:14  Marine x4, SCV  
  83  9:25  Supply Depot  
  83  9:26  SCV  
  83  9:28  Supply Depot  
  84  9:47  Supply Depot  
  84  9:52  Medivac  
  86  9:53  Medivac, Supply Depot  
  86  9:56  Marine  
  86  9:57  Marine x4  
  93  10:05  Terran Infantry Weapons Level 2  
  93  10:11  Terran Infantry Armor Level 2  
  93  10:14  Marine  
  94  10:22  Medivac x2  
  98  10:33  Command Center  
  98  10:52  Medivac x2  
  80  12:08  Marine x5  
  85  12:23  Terran Infantry Weapons Level 3  
  85  12:25  Marine  
  85  12:26  Marine x4  
  90  12:36  Planetary Fortress  
  90  12:43  Marine  
  90  12:44  Marine x4  
  95  13:01  Marine x2  
  95  13:02  Marine x3  
  100  13:11  Terran Infantry Armor Level 3  
  100  13:20  Marine  
  29  15:52  Marine x5  
  36  16:10  Marine x5  
  37  16:24  Missile Turret  
  37  16:25  Missile Turret  
  37  16:27  Marine  
  37  16:28  Marine x4  
  37  16:29  Missile Turret  
Show
View Real Time Build Order
Export as new Build Order

Cloudsp Protoss 

Build Orders: Nexus First 

Get SALT Encoding   

  12  0:03  Probe (Chrono Boost)  
  13  0:13  Probe (Chrono Boost)  
  14  0:21  Pylon  
  14  0:52  Nexus  
  14  0:57  Probe (Chrono Boost)  
  15  1:09  Gateway  
  15  1:19  Forge  
  15  1:29  Probe (Chrono Boost)  
  16  1:42  Assimilator  
  16  1:53  Pylon  
  16  2:00  Cybernetics Core  
  16  2:03  Pylon  
  16  2:10  Pylon  
  16  2:18  Photon Cannon  
  16  2:32  Assimilator  
  16  2:41  Probe x2 (Chrono Boost)  
  18  3:04  Photon Cannon  
  18  3:10  Stargate  
  18  3:15  Probe x2 (Chrono Boost)  
  20  3:23  Pylon  
  21  3:27  Probe x2 (Chrono Boost)  
  22  3:38  Mothership Core (Chrono Boost), Photon Cannon  
  24  3:44  Cybernetics Core  
  24  3:48  Probe (Chrono Boost)  
  25  3:56  Probe (Chrono Boost)  
  25  3:58  Probe (Chrono Boost)  
  27  4:07  Assimilator, Probe (Chrono Boost)  
  27  4:08  Assimilator  
  28  4:11  Photon Cannon  
  28  4:27  Fleet Beacon  
  28  4:30  Probe x2 (Chrono Boost)  
  30  4:41  Pylon  
  30  4:45  Probe x2 (Chrono Boost)  
  32  4:55  Probe (Chrono Boost)  
  32  4:56  Probe (Chrono Boost)  
  34  5:04  Protoss Air Weapons Level 1  
  35  5:07  Probe (Chrono Boost), Protoss Air Armor Level 1  
  35  5:17  Probe (Chrono Boost)  
  36  5:24  Tempest  
  36  5:28  Probe (Chrono Boost)  
  41  5:38  Probe (Chrono Boost)  
  41  5:40  Nexus  
  42  5:51  Robotics Facility  
  42  5:53  Stargate  
  42  6:26  Tempest  
  46  6:56  Tempest  
  50  7:03  Pylon  
  50  7:07  Probe x2 (Chrono Boost)  
  52  7:09  Pylon  
  52  7:14  Observer  
  52  7:15  Tempest  
  57  7:24  Photon Cannon  
  57  7:27  Assimilator  
  57  7:32  Assimilator  
  57  7:35  Photon Cannon  
  57  7:36  Pylon  
  57  7:37  Stargate  
  57  7:38  Pylon  
  57  7:54  Stargate  
  57  7:56  Stargate  
  57  7:58  Stargate  
  57  8:00  Pylon x2  
  57  8:03  Pylon  
  57  8:06  Probe x2 (Chrono Boost)  
  59  8:30  Photon Cannon  
  59  8:31  Protoss Air Weapons Level 2  
  59  8:34  Protoss Air Armor Level 2  
  59  8:38  Tempest  
  63  8:56  Tempest  
  63  9:02  Tempest  
  71  9:19  Tempest  
  75  10:01  Tempest  
  75  10:02  Tempest  
  75  10:03  Tempest  
  75  10:05  Tempest  
  91  10:13  Probe x3 (Chrono Boost)  
  98  10:36  Nexus  
  29  11:50  Probe (Chrono Boost)  
  30  11:59  Protoss Air Weapons Level 3  
  31  12:01  Probe (Chrono Boost)  
  31  12:08  Tempest x2  
  35  12:12  Probe (Chrono Boost)  
  40  12:22  Probe (Chrono Boost)  
  41  12:33  Probe (Chrono Boost)  
  38  13:55  Warp Gate  
  30  13:57  Photon Cannon  
  30  14:01  Pylon  
  22  14:11  Probe (Chrono Boost)  
  22  14:15  Mothership Core (Chrono Boost)  
  25  14:22  Probe (Chrono Boost)  
  25  14:24  Robotics Facility  
  26  14:25  Gateway  
  26  14:26  Gateway  
  26  14:29  Gateway  
  26  14:32  Probe (Chrono Boost), Gateway  
  26  14:33  Probe (Chrono Boost)  
  28  14:38  Gateway  
  28  14:40  Gateway  
  28  14:42  Pylon  
  28  14:43  Probe (Chrono Boost)  
  28  14:44  Probe (Chrono Boost)  
  30  14:53  Stargate, Probe (Chrono Boost)  
  30  14:54  Void Ray, Probe (Chrono Boost)  
  30  14:55  Stargate  
  30  14:57  Void Ray  
  40  15:05  Probe (Chrono Boost)  
  41  15:42  Void Ray  
  45  15:43  Void Ray  
  45  15:44  Void Ray  
  45  15:45  Void Ray  
Tags
 
Add a new tag
Caveats
  • Supply blocks, unpowered buildings, or Contaminate may cause inaccurate times.
  • Supply counts are checked every 10 seconds.